 Dungeon Crawl Stone Soup version 0.28.0-53-g5a82cb258f (webtiles) character file.

Game seed: 13379258793703190259

20 Eitelfritz the Skirmisher (level 2, 0/27 HPs)
             Began as a Hill Orc Fighter on Aug 6, 2022.
             Succumbed to an adder's poison
             ... on level 1 of the Dungeon.
             The game lasted 00:01:03 (885 turns).

Eitelfritz the Skirmisher (Hill Orc Fighter)         Turns: 885, Time: 00:01:04

Health: 0/27       AC:  6    Str: 18    XL:     2   Next: 79%
Magic:  2/2        EV:  9    Int:  8    God:
Gold:   25         SH:  4    Dex: 10    Spells: 1/1 levels left

rFire   . . .      SeeInvis .   a - +0 war axe
rCold   . . .      Faith    .   c - +0 buckler
rNeg    . . .      Spirit   .   b - +0 scale mail
rPois   .          Reflect  .   (no helmet)
rElec   .          Harm     .   (no cloak)
rCorr   .          Rampage  .   (no gloves)
Will    .....                   (no boots)
Stlth   ..........              (no amulet)
HPRegen 0.09/turn               (no ring)
MPRegen 0.08/turn               (no ring)

@: lethally poisoned (0 -> -2), attractive
A: no striking features
a: no special abilities


You were on level 1 of the Dungeon.
You visited 1 branch of the dungeon, and saw 2 of its levels.

You collected 25 gold pieces.

Inventory:

Hand Weapons
 a - a +0 war axe (weapon)
 h - a +0 mace
Missiles
 i - 24 sling bullets
Armour
 b - a +0 scale mail (worn)
 c - a +0 buckler (worn)
Scrolls
 e - a scroll of enchant weapon {unknown}
Potions
 d - a potion of might
 g - a potion of brilliance {unknown}


   Skills:
 + Level 3.9 Fighting
 + Level 3.4 Axes
 + Level 3.5 Armour
 + Level 3.4 Shields


You had one spell level left.
You didn't know any spells.
Your spell library was empty.

Dungeon Overview and Level Annotations

Branches:
Dungeon (2/15)

Altars:


Message History

You feel sick. The bat hits you but does no damage. The bat barely misses you.
The adder bites you. You block the adder's attack.
You climb upwards.
You feel sick.
There is a stone staircase leading down here.
You hit the adder.
The adder is almost dead.
You barely miss the bat.
You feel sick.
You are no longer poisoned.
The bat hits you but does no damage. The adder bites you but does no damage.
You closely miss the adder.
The adder is almost dead.
The bat closely misses you. The adder bites you but does no damage.
You block the adder's attack.
You closely miss the adder.
The adder is almost dead.
The adder closely misses you. You block the bat's attack. The adder bites you.
You are poisoned.
The adder poisons you!
You barely miss the adder.
The adder is almost dead.
You closely miss the bat.
You feel sick. The bat hits you but does no damage. The bat hits you.
The adder bites you.
* * * LOW HITPOINT WARNING * * *
The adder bites you.
* * * LOW HITPOINT WARNING * * *
You closely miss the adder.
The adder is almost dead.
* * * LOW HITPOINT WARNING * * *
You feel sick. The bat barely misses you.
The adder bites you but does no damage.
Unknown command.
You miss the adder.
The adder is almost dead.
* * * LOW HITPOINT WARNING * * *
You feel sick. The adder barely misses you. The adder bites you.
* * * LOW HITPOINT WARNING * * *
Unknown command.
It was a potion of attraction.
You feel attractive to monsters.
You die...

.......##########.# #.##.#.##
..###.## #.#######.###.## ..#
#.# #.##..........#
..###.###########.##.####.##..#
......#...........##.# #.##..#
...####.#####.###.##.#
#.##..### ...####.# #.#..b##.#
#.##..... ........# #.#.#S##.#
#.###.### .#.###### #...@.##.#
#.# #.# # .#.# #..#.###.####.#
#.# # [#.# #.###.........# #.#
# .#.# ##.#.#######.####.# #
.#.# ##.###...........# #
...######### #.# #.####.######
# ...........# #.# #.# #.# ####
##########.####.# #.# #.# #...
##########......#
#.####.#####.##


You could see an adder and a bat.

Vanquished Creatures
  An adder (D:2)
  A bat (D:1)
  An endoplasm (D:1)
  A goblin (D:1)
  A hobgoblin (D:1)
  A quokka (D:1)
  3 ball pythons (D:1)
  A frilled lizard (D:1)
  2 kobolds (D:1)
12 creatures vanquished.

Notes
Turn   | Place    | Note
-------+----------+-------------------------------------------
     0 | D:1      | Eitelfritz the Hill Orc Fighter began the quest for the
                  | Orb.
     0 | D:1      | Reached XP level 1. HP: 19/19 MP: 1/1
   358 | D:1      | Reached XP level 2. HP: 24/27 MP: 2/2
   884 | D:1      | HP: 1/27 [adder (2)]
   885 | D:1      | Succumbed to an adder's poison

Illustrated notes

Levels and vault maps discovered:
D:1:      dpeg_arrival_triangle_fractal, layout_loops_ring
D:2:      layout_basic, serial_shops, nicolae_shop_window_shopping,
          minmay_tetromino_t4, uniq_natasha, uniq_robin

Skill      XL: |  1  2 |
---------------+-------+-----
Axes           | 3 |  3.4
Fighting       | |  3.9
Armour         | |  3.5
Shields        | |  3.4

Action                   || total
-------------------------++-------
Melee: War axe           ||    33
  Use: Potion            ||     1
Armor: Scale mail        ||    15
Dodge: Dodged            ||    20
Block: Buckler           ||     9
